 Dungeon Crawl Stone Soup version 0.21.1-1-g345015f (webtiles) character file.

132 Kiryusha the Magician (level 4, -3/24 HPs)
             Began as a Deep Elf Ice Elementalist on Mar 1, 2018.
             Was a Follower of Vehumet.
             Killed from afar by wilfster70's ghost (5 damage)
             ... with a magic dart
             ... on level 3 of the Dungeon.
             The game lasted 00:10:31 (2507 turns).

Kiryusha the Magician (Deep Elf Ice Elementalist)   Turns: 2507, Time: 00:10:33

Health: -3/24      AC:  2    Str:  5    XL:     4   Next: 92%
Magic:  4/13       EV: 13    Int: 21    God:    Vehumet [*.....]
Gold:   189        SH:  0    Dex: 15    Spells: 3/13 levels left

rFire    x . .     SeeInvis .   f - +0 dagger
rCold    + . .     Gourm    .   (no shield)
rNeg     . . .     Faith    .   a - +0 robe
rPois    .         Spirit   .   (no helmet)
rElec    .         Reflect  .   (no cloak)
rCorr    .         Harm     .   (no gloves)
MR       .....                  (no boots)
Stlth    ++........             (no amulet)
HPRegen  0.08/turn              q - ring of ice
MPRegen  0.13/turn              (no ring)

@: berserk cooldown, very slightly contaminated, slowed, very slow
A: no striking features
a: Renounce Religion


You were on level 3 of the Dungeon.
You worshipped Vehumet.
Vehumet was aware of your devotion.
You were not hungry.

You visited 1 branch of the dungeon, and saw 3 of its levels.

You collected 189 gold pieces.

Inventory:

Hand Weapons
 f - a +0 dagger (weapon)
Armour
 a - a +0 robe (worn)
 r - a +0 leather armour
Jewellery
 q - a ring of ice (left hand)
Scrolls
 g - 3 scrolls of enchant armour {unknown}
 i - 2 scrolls of teleportation {unknown}
 k - 2 scrolls of magic mapping {unknown}
 m - a scroll of immolation {unknown}
 n - a scroll of remove curse {unknown}
 o - 5 scrolls of identify {unknown}
Potions
 e - a potion of agility {unknown}
 h - a potion of cancellation {unknown}
 j - a potion of heal wounds {unknown}
 l - a potion of curing
 p - a potion of mutation {unknown}
 s - a potion of brilliance {unknown}
Books
 b - a book of Frost

   Spells                             Type                      Level
   a - Freeze                         Ice                          1
   b - Throw Frost                    Conjuration/Ice              2
   c - Ozocubu's Armour               Charms/Ice                   3
   d - Throw Icicle                   Conjuration/Ice              4
   e - Summon Ice Beast               Ice/Summoning                4
Comestibles
 c - 5 rations


   Skills:
 - Level 2.5 Dodging
 - Level 2.4 Stealth
 + Level 5.1 Spellcasting
 + Level 1.7 Conjurations
 + Level 4.8 Ice Magic


You had 3 spell levels left.
You knew the following spells:

 Your Spells              Type           Power        Failure   Level  Hunger
a - Freeze                Ice            ####         1%          1    None
b - Throw Frost           Conj/Ice       ####..       4%          2    None
c - Ozocubu's Armour      Chrm/Ice       ###.....     12%         3    ##.....
d - Throw Icicle          Conj/Ice       ####....     26%         4    ####...


Dungeon Overview and Level Annotations

Branches:
Dungeon (3/15)

Altars:
Vehumet
The Shining One

Annotations:
D:3 wilfster70's ghost, amateur TrWz


Message History

You feel yourself moving faster!
You feel mighty! Wilfster70's ghost closely misses you.
The worm closely misses you.
You completely miss wilfster70's ghost.
Wilfster70's ghost is lightly damaged.
Wilfster70's ghost gestures at you while chanting.
The magic dart hits you!
* * * LOW HITPOINT WARNING * * *
The orc closely misses you. The ooze completely misses you.
You feel a strong urge to attack something.
The ooze jiggles.
You feel your anger nearly subside.
You are no longer berserk.
You are exhausted.
You feel yourself slow down. The ooze misses you.
Wilfster70's ghost closely misses you. The ooze hits you.
* * * LOW HITPOINT WARNING * * *
Wilfster70's ghost points at you and mumbles some strange words.
The magic dart hits you!
You die...

#.#.#.# #.#.#.# #.#.#.#
############ #.....# #
#..........# ###.###
..######..........###########.#..
#..[........................#.#.#
.$............J)..............#.#
...........w.oW.@...........#.#.#
...........######...........###.#
.?.........# #....>......# #.#
############ #...........###'#
#................
#########.>...... #........
#.#####+# #.#


You could see a worm, wilfster70's ghost, an ooze and an orc.

Vanquished Creatures
  An orc wizard (D:3)
  3 adders
  2 worms
  A dart slug (D:1)
  4 orcs (D:3)
  5 giant cockroaches
  11 hobgoblins
  5 jackals
  2 quokkas (D:2)
  6 bats
  12 goblins
  3 kobolds
  4 rats
59 creatures vanquished.

Notes
Turn   | Place    | Note
-------+----------+-------------------------------------------
     0 | D:1      | Kiryusha the Deep Elf Ice Elementalist began the quest for the Orb.
     0 | D:1      | Reached XP level 1. HP: 10/10 MP: 6/6
   263 | D:1      | Reached XP level 2. HP: 11/15 MP: 0/8
   734 | D:1      | Reached XP level 3. HP: 19/19 MP: 8/10
   738 | D:1      | Learned a level 2 spell: Throw Frost
   742 | D:1      | Learned a level 3 spell: Ozocubu's Armour
   845 | D:2      | Reached skill level 4 in Spellcasting
  1040 | D:2      | Found a radiant altar of Vehumet.
  1054 | D:2      | Became a worshipper of Vehumet
  1583 | D:3      | Reached XP level 4. HP: 9/24 MP: 3/12
  1674 | D:3      | Learned a level 4 spell: Throw Icicle
  2007 | D:3      | Reached skill level 5 in Spellcasting
  2328 | D:3      | Reached * piety under Vehumet
  2328 | D:3      | Offered knowledge of Magic Dart by Vehumet.
  2381 | D:3      | Noticed wilfster70's ghost (amateur TrWz)
  2401 | D:3      | Found a glowing golden altar of the Shining One.
  2506 | D:3      | HP: 1/24 [ooze (2)]
  2507 | D:3      | Killed from afar by wilfster70's ghost

Skill      XL: |  1  2  3  4 |
---------------+-------------+-----
Ice Magic      | 4 |  4.8
Spellcasting   | 4 5 |  5.1
Dodging        | |  2.5
Stealth        | |  2.4
Conjurations   | |  1.7

Action                   |  1- 3 |  4- 6 || total
-------------------------+-------+-------++-------
Melee: Dagger            |       |     1 ||     1
 Cast: Freeze            |    56 |    34 ||    90
       Throw Frost       |     8 |     5 ||    13
       Ozocubu's Armour  |     1 |       ||     1
       Throw Icicle      |       |     1 ||     1
  Use: Potion            |       |     2 ||     2
  Eat: Chunk             |     2 |     3 ||     5
Armor: Robe              |     5 |     3 ||     8
Dodge: Dodged            |    18 |    23 ||    41
